 Dungeon Crawl Stone Soup version 0.17.1-1-g73c8601 (webtiles) character file.

56355 lucasterio the Bludgeoner (level 14, -7/139 HPs)
             Began as a Demonspawn Berserker on Dec 13, 2015.
             Was the Champion of Trog.
             Mangled by a boulder beetle (21 damage)
             ... on level 8 of the Lair of Beasts.
             The game lasted 01:20:44 (21553 turns).

lucasterio the Bludgeoner (Demonspawn Berserker)   Turns: 21553, Time: 01:20:44

Health: -7/139     AC: 22    Str: 29    XL:     14   Next: 41%
Magic:  14/14      EV: 17    Int: 10    God:    Trog [******]
Gold:   1081       SH:  0    Dex: 21    Spells: 0 memorised, 13 levels left

rFire  + . .     SeeInvis .     a - +2 great mace of Kaixkeb {elec, rF+ Dex+6}
rCold  + . .     Clarity  +     u - +2 chain mail {rPois}
rNeg   . . .     SustAt   .     (shield currently unavailable)
rPois  +         Gourm    +     B - +2 helmet
rElec  .         Spirit   .     k - +0 cloak
rCorr  .         Warding  .     O - +1 pair of gloves
rMut   .         Stasis   .     (no boots)
MR     +....                    K - amulet of the gourmand
Stlth  ..........               v - +3 ring of evasion
                                t - +3 ring of dexterity

@: berserking, repel missiles, very quick, somewhat resistant to hostile
enchantments, extremely unstealthy
A: hooves 1, repulsion field 3, clarity, cold resistance 1, nightstalker 2,
strong 1
a: Berserk, Trog's Hand, Brothers in Arms, Burn Spellbooks, Renounce Religion


You were on level 8 of the Lair of Beasts.
You worshipped Trog.
Trog was exalted by your worship.
You were completely stuffed.

You visited 2 branches of the dungeon, and saw 20 of its levels.

You collected 1081 gold pieces.

Inventory:

Hand Weapons
 a - the +2 great mace of Kaixkeb (weapon) {elec, rF+ Dex+6}
   (You acquired it on level 2 of the Lair of Beasts)

   Occasionally, upon striking a foe, it will discharge some electrical energy
   and cause terrible harm.
   It affects your dexterity (+6).
   It protects you from fire.
 l - a +5 great mace of protection
 r - a +3 antimagic halberd
 M - a +4 shortbow of flaming
Missiles
 E - 267 arrows
Armour
 k - a +0 cloak (worn)
 u - a +2 chain mail of poison resistance (worn)
 B - a +2 helmet (worn)
 O - a +1 pair of gloves (worn)
Jewellery
 e - an uncursed ring of magical power {unknown}
 n - an uncursed amulet of resist mutation {unknown}
 t - a +3 ring of dexterity (left hand)
 v - a +3 ring of evasion (right hand)
 y - an uncursed ring of teleportation
 K - an amulet of the gourmand (around neck)
Wands
 h - a wand of fire (4)
 p - a wand of lightning (6)
 A - a wand of cold (3)
 U - a wand of digging (9)
 V - a wand of enslavement (15)
Scrolls
 g - a scroll of identify
 m - a scroll of recharging
 o - 3 scrolls of remove curse
 q - a scroll of teleportation {unknown}
 Q - a scroll of silence
 X - a scroll of magic mapping
Potions
 d - 14 potions of curing
 i - a potion of ambrosia {unknown}
 w - 4 potions of flight
 G - 3 potions of invisibility
 R - 5 potions of haste
 T - 6 potions of heal wounds
Miscellaneous
 f - a lantern of shadows
 z - a stone of tremors
 Z - a phantom mirror
Comestibles
 b - 2 meat rations
 c - 14 bread rations
 j - 9 chunks of flesh


   Skills:
 - Level 3.0 Fighting
 * Level 18.2 Maces & Flails
 + Level 13.2 Armour
 - Level 1.7 Dodging


You had 13 spell levels left.
You didn't know any spells.

Dungeon Overview and Level Annotations

Branches:
Dungeon (12/15)            Temple (0/1) D:5            Lair (8/8) D:9
  Swamp (0/4) Lair:4       Spider (0/4) Lair:3        Slime (0/6) Lair:6
    Orc: D:9-12

Altars:
Ashenzari
Cheibriados
Gozag
Makhleb
Nemelex Xobeh
Ru
Sif Muna
Trog
Zin
The Shining One
Jiyva

Shops:
D:10 :


Innate Abilities, Weirdness & Mutations

You have large cloven feet.
You are surrounded by a strong repulsion field (EV +4, rMsl).
Your flesh is cold resistant.
You are significantly more attuned to the shadows.
You possess an exceptional clarity of mind.
Your muscles are strong. (Str +2)


Message History

The boulder beetle is lightly wounded.
You bludgeon the boulder beetle!!
You kick the boulder beetle, but do no damage.
The boulder beetle is heavily wounded.
You completely miss the boulder beetle.
You kick the boulder beetle, but do no damage.
The boulder beetle is heavily wounded.
The boulder beetle bites you!
* * * LOW HITPOINT WARNING * * *
You hit the boulder beetle.
You kick the boulder beetle, but do no damage.
The boulder beetle is heavily wounded.
You hit the boulder beetle.
You kick the boulder beetle, but do no damage.
The boulder beetle is severely wounded.
You hit the boulder beetle but do no damage.
There is a sudden explosion of sparks!
You kick the boulder beetle.
The boulder beetle is almost dead.
The boulder beetle bites you!!
You die...

P.....PPP........................
P ###.P###...###..###...........
P ## ##### ### ###......... #
##.P.##### ###........
......P#.## #.......... #
#.......#.# #......... #
.........####.......... #
.....B....##........... #
#.†@...###..........
#.#.....##.......... #
...#.....##.....#.... #
#...#...########...### ##
######...#...##..#.... .#
#P....#...#........ .###
#.....#÷#%#........ ...##
##.....#.##........ ....#
#..........####...


You could see a boulder beetle.

Vanquished Creatures
  8 hydras
  6 death yaks
  A necromancer (Lair:7)
  A wolf spider zombie (D:11)
  2 griffons
  An ugly thing (D:11)
  2 centaur zombies (D:10)
  16 elephants
  The ghost of bollicks1999 the Skirmisher, a novice MiFi of Okawaru (D:6)
  6 black mambas
  3 gargoyles
  2 torpor snails
  An efreet (D:12)
  13 spiny frogs
  6 komodo dragons
  4 fire drakes
  2 trolls
  A giant leech (Lair:8)
  A two-headed ogre (D:10)
  A boulder beetle (Lair:8)
  19 blink frogs
  2 wyverns
  Sigmund (D:5)
  2 wraiths
  A shadow (D:8)
  13 hippogriffs
  A hog (shapeshifter) (D:10)
  A human (D:8)
  Grum (D:8)
  4 basilisks
  2 hogs (D:8)
  A vampire mosquito (D:10)
  69 yaks
  2 hungry ghosts
  Menkaure (D:5)
  4 wolves (D:8)
  Edmund (D:6)
  9 porcupines
  3 orc warriors
  2 phantoms
  14 water moccasins
  Purgy (D:3)
  3 black bears
  2 ice beasts
  7 ogres
  6 sky beasts
  A necrophage (D:11)
  A boggart (D:10)
  5 centaurs
  8 giant frogs
  13 crocodiles
  Blork the orc (D:5)
  8 scorpions
  A wight (D:10)
  9 killer bees
  2 crimson imps
  3 giant frog skeletons
  A jelly (D:10)
  A quasit (D:9)
  10 iguanas
  7 orc wizards
  3 centaur skeletons
  7 hounds
  10 worker ants
  Natasha (thrice) (D:3)
  5 orc priests
  2 polar bear simulacra (Lair:7)
  17 sheep
  3 yak simulacra (Lair:7)
  A killer bee zombie (D:6)
  3 wolf simulacra (Lair:7)
  A worker ant zombie (D:10)
  3 gnolls (D:6)
  24 river rats
  2 shadow imps
  9 adders
  A worm (D:2)
  4 adder skeletons
  6 giant geckos
  25 orcs
  4 ball pythons
  20 bats
  9 giant cockroaches
  5 goblins
  14 hobgoblins
  9 kobolds
  6 quokkas
  10 giant newts
  A jackal skeleton (D:9)
  A quokka skeleton (D:5)
  8 rats
  3 river rat simulacra (Lair:7)
540 creatures vanquished.

Vanquished Creatures (others)
  2 yaks (Lair:8)
  13 fungi
  4 plants
19 creatures vanquished.

Grand Total: 559 creatures vanquished

Notes
Turn   | Place    | Note
--------------------------------------------------------------
     0 | D:1      | lucasterio the Demonspawn Berserker began the quest for the Orb.
     0 | D:1      | Reached XP level 1. HP: 18/18 MP: 1/1
   431 | D:1      | Gained mutation: You are surrounded by a mild repulsion field (EV +2). [demonic ancestry]
   431 | D:1      | Reached XP level 2. HP: 18/24 MP: 2/2
  1329 | D:1      | Reached ** piety under Trog
  1353 | D:1      | Reached XP level 3. HP: 26/29 MP: 3/3
  2131 | D:2      | Reached skill level 4 in Maces & Flails
  2359 | D:3      | Gained mutation: You have large cloven feet. [demonic ancestry]
  2359 | D:3      | Reached XP level 4. HP: 35/35 MP: 4/4
  2551 | D:3      | Noticed Purgy
  2566 | D:3      | Killed Purgy
  2566 | D:3      | Reached XP level 5. HP: 41/41 MP: 5/5
  2568 | D:3      | Reached *** piety under Trog
  2669 | D:3      | Reached skill level 5 in Maces & Flails
  3111 | D:3      | Noticed Natasha
  3112 | D:3      | Found a glowing golden altar of the Shining One.
  3112 | D:3      | Found a glowing silver altar of Zin.
  3116 | D:3      | Killed Natasha
  3116 | D:3      | Gained mutation: You are slightly more attuned to the shadows. [demonic ancestry]
  3116 | D:3      | Reached XP level 6. HP: 47/47 MP: 6/6
  3447 | D:3      | Noticed Natasha
  3451 | D:3      | Killed Natasha
  3534 | D:3      | Noticed Natasha
  3547 | D:3      | Killed Natasha
  3887 | D:4      | Found a snail-covered altar of Cheibriados.
  4204 | D:5      | Entered Level 5 of the Dungeon
  4204 | D:5      | Noticed Blork the orc
  4223 | D:5      | Killed Blork the orc
  4223 | D:5      | Reached skill level 6 in Maces & Flails
  4334 | D:5      | Found a staircase to the Ecumenical Temple.
  4349 | D:5      | Gained mutation: You are surrounded by a moderate repulsion field (EV +3). [demonic ancestry]
  4349 | D:5      | Reached XP level 7. HP: 38/52 MP: 7/7
  4381 | D:5      | Noticed Menkaure
  4386 | D:5      | Killed Menkaure
  4400 | D:5      | Reached skill level 7 in Maces & Flails
  4549 | D:5      | Reached **** piety under Trog
  4650 | D:5      | Noticed Sigmund
  4667 | D:5      | Killed Sigmund
  4667 | D:5      | Reached skill level 5 in Armour
  4667 | D:5      | Reached XP level 8. HP: 58/58 MP: 8/8
  4930 | D:5      | Found a shattered altar of Ashenzari.
  4930 | D:5      | Found a deep blue altar of Sif Muna.
  5073 | D:6      | Noticed Edmund
  5089 | D:6      | Killed Edmund
  5089 | D:6      | Reached skill level 8 in Maces & Flails
  5456 | D:6      | Reached skill level 9 in Maces & Flails
  5500 | D:6      | Noticed bollicks1999's ghost (novice MiFi)
  5513 | D:6      | Killed bollicks1999's ghost
  5513 | D:6      | Reached XP level 9. HP: 63/63 MP: 9/9
  5799 | D:7      | Found a bloodstained altar of Trog.
  5841 | D:7      | Found a burning altar of Makhleb.
  5843 | D:7      | Noticed an Executioner
  6054 | D:7      | Found a sacrificial altar of Ru.
  6096 | D:7      | Found a bloodstained altar of Trog.
  6397 | D:8      | Reached skill level 10 in Maces & Flails
  6564 | D:8      | Noticed Grum
  6576 | D:8      | Killed Grum
  6645 | D:8      | Reached ***** piety under Trog
  6812 | D:8      | Found an opulent altar of Gozag.
  6960 | D:8      | Reached skill level 11 in Maces & Flails
  7006 | D:8      | Gained mutation: You are significantly more attuned to the shadows. [demonic ancestry]
  7006 | D:8      | Reached XP level 10. HP: 70/70 MP: 10/10
  7102 | D:8      | Received a gift from Trog
  7255 | D:9      | Found a staircase to the Lair.
  7613 | D:9      | Reached skill level 12 in Maces & Flails
  8126 | D:9      | Found a sparkling altar of Nemelex Xobeh.
  8447 | D:10     | Entered Level 10 of the Dungeon
  8751 | D:10     | Gained mutation: You are surrounded by a strong repulsion field (EV +4, rMsl). [demonic ancestry]
  8751 | D:10     | Reached XP level 11. HP: 75/75 MP: 11/11
  8756 | D:10     | Found Ysovarph's Book Shop.
  8836 | D:10     | Reached skill level 13 in Maces & Flails
  8963 | D:10     | Received a gift from Trog
  8984 | D:10     | Noticed a griffon
  9010 | D:10     | Killed a griffon
 10256 | D:11     | Reached skill level 10 in Armour
 10471 | D:11     | Reached skill level 14 in Maces & Flails
 10901 | Lair:1   | Entered Level 1 of the Lair of Beasts
 11106 | Lair:1   | Reached XP level 12. HP: 64/81 MP: 12/12
 11559 | Lair:1   | Gained mutation: You possess an exceptional clarity of mind. [potion of beneficial mutation]
 12026 | Lair:2   | Noticed a five-headed hydra
 12034 | Lair:2   | Killed a five-headed hydra
 12034 | Lair:2   | Reached skill level 15 in Maces & Flails
 12129 | Lair:2   | Received a gift from Trog
 12687 | Lair:2   | Received a gift from Trog
 12902 | Lair:2   | Reached ****** piety under Trog
 13306 | Lair:3   | Found a hole to the Spider Nest.
 13705 | Lair:3   | Reached skill level 16 in Maces & Flails
 14460 | Lair:4   | Reached XP level 13. HP: 86/86 MP: 13/13
 14462 | Lair:4   | Noticed an eight-headed hydra
 14470 | Lair:4   | Killed an eight-headed hydra
 15013 | Lair:4   | Found a staircase to the Swamp.
 15252 | Lair:4   | Received a gift from Trog
 17812 | Lair:6   | Found a viscous altar of Jiyva.
 17813 | Lair:6   | Found a staircase to the Slime Pits.
 17874 | Lair:7   | Reached skill level 17 in Maces & Flails
 18370 | Lair:7   | Gained mutation: Your muscles are strong. (Str +2) [potion of beneficial mutation]
 18867 | Lair:7   | Received a gift from Trog
 18871 | Lair:7   | Gained mutation: Your flesh is cold resistant. [demonic ancestry]
 18871 | Lair:7   | Reached XP level 14. HP: 84/93 MP: 14/14
 20204 | Lair:2   | Identified a scroll of acquirement
 20214 | Lair:2   | Got a slimy great mace
 20217 | Lair:2   | Identified the +2 great mace of Kaixkeb {elec, rF+ Dex+6} (You acquired it on level 2 of the Lair of Beasts)
 20385 | Lair:8   | Entered Level 8 of the Lair of Beasts
 20901 | Lair:8   | Reached skill level 18 in Maces & Flails
 21204 | Lair:8   | Received a gift from Trog
 21553 | Lair:8   | Mangled by a boulder beetle

Action                   |  1- 3 |  4- 6 |  7- 9 | 10-12 | 13-15 || total
-------------------------+-------+-------+-------+-------+-------++-------
Melee: Mace              |   179 |    52 |       |       |       ||   231
       Flail             |       |   122 |   356 |   524 |       ||  1002
       Great mace        |       |       |       |   380 |   663 ||  1043
Invok: Berserk           |     1 |     6 |     5 |    12 |     9 ||    33
       Burn Spellbooks   |       |       |     1 |     3 |       ||     4
  Use: Scroll            |       |       |       |    12 |    10 ||    22
       Potion            |       |       |       |     1 |     1 ||     2
 Stab: Sleeping          |     4 |       |     1 |       |       ||     5
  Eat: Chunk             |     6 |    12 |    15 |    59 |    37 ||   129
       Fruit             |       |       |       |     7 |       ||     7
